 Dungeon Crawl Stone Soup version 0.20-a0-823-gdec668e (webtiles) character file.

45167 nikopol the Impaler (level 14, -1/190 HPs)
             Began as a Minotaur Berserker on Mar 5, 2017.
             Was a High Priest of Trog.
             Slain by a seven-headed hydra (8 damage)
             ... on level 5 of the Lair of Beasts.
             The game lasted 00:54:17 (21263 turns).

nikopol the Impaler (Minotaur Berserker)           Turns: 21263, Time: 00:54:17

Health: -1/190     AC: 14    Str: 29    XL:     14   Next: 0%
Magic:  13/13      EV: 18    Int:  4    God:    Trog [*****.]
Gold:   1256       SH:  0    Dex: 13    Spells: 13/13 levels left

rFire    + + .     SeeInvis .   a - +2 glaive (flame)
rCold    . . .     Gourm    .   b - +1 ring mail {rF+}
rNeg     . . .     Faith    .   (shield currently unavailable)
rPois    .         Spirit   .   (helmet restricted)
rElec    .         Reflect  .   y - +2 cloak
rCorr    .         Harm     .   (no gloves)
MR       ++...                  C - +1 pair of boots
Stlth    ..........             (no amulet)
Regen    0.5/turn               E - ring of protection from magic
MPRegen  0.2/turn               G - ring of protection from fire

@: berserking, very quick
A: retaliatory headbutt, horns 2
a: Berserk, Trog's Hand, Brothers in Arms, Burn Spellbooks, Renounce Religion


You were on level 5 of the Lair of Beasts.
You worshipped Trog.
Trog was extremely pleased with you.
You were very hungry.

You visited 2 branches of the dungeon, and saw 18 of its levels.
You also visited: Ice Cave.

You collected 1256 gold pieces.

Inventory:

Hand Weapons
 a - a +2 glaive of flaming (weapon)
 z - the +1 shortbow of Fear {velocity, rC+ MR+}
   (You found it in an ice cave)

   Any arrow fired from it inflicts extra damage.
   It protects you from cold.
   It affects your resistance to hostile enchantments.
 K - a +1 shortbow of flaming
 Q - the +5 spear of the Lurker {freeze, Dex+2}
   (You found it on level 3 of the Lair of Beasts)

   It has been specially enchanted to freeze those struck by it, causing extra
   injury to most foes and up to half again as much damage against particularly
   susceptible opponents.
   It can also slow down cold-blooded creatures.
   It affects your dexterity (+2).
 R - a +5 trident of protection
Missiles
 i - 333 arrows (quivered)
Armour
 b - a +1 ring mail of fire resistance (worn)
 y - a +2 cloak (worn)
 C - a +1 pair of boots (worn)
 D - a +3 ring mail
Jewellery
 E - a ring of protection from magic (right hand)
 G - a ring of protection from fire (left hand)
 M - an uncursed ring of protection from cold {unknown}
 P - an uncursed ring of positive energy {unknown}
Wands
 d - a wand of polymorph (0/24)
 h - a wand of flame (22/48)
 u - a wand of flame (32/48)
 A - a wand of polymorph (17/24)
 B - a wand of digging (22/24)
 O - a wand of polymorph (23/24)
Scrolls
 e - 2 scrolls of enchant weapon
 k - 11 scrolls of identify
 m - 2 scrolls of blinking
 q - 4 scrolls of teleportation
 r - 2 scrolls of fog {unknown}
 F - 4 scrolls of fear
 L - 4 scrolls of magic mapping
 N - 2 scrolls of remove curse
 T - a scroll of enchant armour
Potions
 g - 7 potions of curing
 j - 4 potions of brilliance
 n - a potion of agility
 o - 5 potions of might
 p - a potion of berserk rage
 t - 2 potions of ambrosia {unknown}
 v - 5 potions of magic
 w - 2 potions of haste {unknown}
 x - 2 potions of heal wounds {unknown}
 H - 3 potions of flight
 I - 3 potions of invisibility
 J - a potion of degeneration {unknown}
Comestibles
 c - 10 bread rations
 f - 7 meat rations
 l - 30 fruits
 s - 7 royal jellies
 S - 2 chunks of flesh


   Skills:
 + Level 12.5 Fighting
 * Level 15.3 Polearms
 * Level 12.0 Bows
 + Level 12.2 Armour
 + Level 11.4 Dodging


You had 13 spell levels left.
You didn't know any spells.

Dungeon Overview and Level Annotations

Branches:
Dungeon (13/15)            Temple (0/1) D:7            Lair (5/6) D:9
  Swamp (0/4) Lair:4       Spider (0/4) Lair:3          Orc (0/2) D:10
  Slime: Lair:5-6    Vaults: D:13-14

Altars:
Cheibriados
Dithmenos
Elyvilon
Fedhas
Hepliaklqana
Kikubaaqudgha
Makhleb
Okawaru
Qazlal
Uskayaw
Vehumet
Wu Jian
Yredelemnul

Shops:
D:5 :   D:9 :**   D:10 }


Innate Abilities, Weirdness & Mutations

You reflexively headbutt those who attack you in melee.
You have a pair of horns on your head.


Message History

The elephant closely misses you. The elephant barely misses you.
You barely miss the eight-headed hydra. You headbutt the eight-headed hydra.
The eight-headed hydra is lightly wounded.
The komodo dragon bites you!!
* * * LOW HITPOINT WARNING * * *
The elephant tramples you but does no damage.
The elephant misses you.
You lop one of the eight-headed hydra's heads off!
The flame cauterises the wound!
You slash the seven-headed hydra! You burn the seven-headed hydra.
The seven-headed hydra is moderately wounded.
The seven-headed hydra barely misses you.
You furiously retaliate!
You headbutt the seven-headed hydra!
The seven-headed hydra completely misses you.
The seven-headed hydra bites you but does no damage.
The seven-headed hydra closely misses you.
The seven-headed hydra bites you.
* * * LOW HITPOINT WARNING * * *
The seven-headed hydra bites you!
You die...

........P.##...### ##..P≈P♣ ♣P≈
................P# ##P.P≈♣♣♣♣PP
................######..P≈≈≈≈♣♣≈≈
.........#......#.#.#.#.P..≈≈≈≈P.
.....P..####...........÷..≈..PP.#
......P.# #.................#P..
..........##....#.......#...#....
..............##..÷.###.......#
..P ....#..Y@##..#.#...#....#
###....YlD#.###.........#
#..#......####....#......
.....(....# #.....#PP...
.#..(.....# ##.........#
...(....###. #.#...#....#
..(....###....##..#.#..#. .(##.#.
..........##..## .. #.!.
...........P.#.#


You could see a seven-headed hydra, 2 elephants and a komodo dragon.

Vanquished Creatures
  The ghost of pedritolo the Martial Artist, a journeyman DsCK of Xom (Lair:4)
  The ghost of Yehuk the Commander, a journeyman DsWn of Okawaru (Lair:1)
  Erolcha (D:10)
  2 hydras
  A death knight (D:11)
  4 two-headed ogres
  7 death yaks (Lair:5)
  A wizard (D:11)
  A deep elf mage (D:11)
  3 ugly things
  2 oklob plants (Lair:4)
  A cyclops (D:11)
  A manticore (D:11)
  3 ice statues (IceCv)
  7 elephants
  Maurice (D:9)
  4 spiny frogs
  3 black mambas
  A gargoyle (D:11)
  3 komodo dragons (Lair:5)
  A kobold demonologist (D:11)
  2 ice devils (Lair:1)
  A blink frog (Lair:4)
  A polar bear (Lair:4)
  A hornet (Lair:3)
  6 hippogriffs
  10 dream sheep
  A shadow (D:9)
  41 yaks
  Sigmund (D:3)
  4 basilisks
  2 wyverns
  2 humans (Lair:5)
  Grum (D:9)
  Eustachio (D:4)
  2 hungry ghosts (D:7)
  Menkaure (D:4)
  Edmund (D:5)
  A soldier ant (D:11)
  An acid dragon (D:11)
  11 water moccasins
  6 porcupines
  2 sky beasts
  11 ice beasts
  6 orc warriors
  A necrophage (D:5)
  4 centaurs
  A phantom (D:11)
  23 wolves
  8 crocodiles
  6 ogres
  Blork the orc (D:5)
  7 big kobolds
  11 bullfrogs
  4 gnoll sergeants
  4 scorpions
  7 killer bees (D:10)
  An electric eel (D:12)
  2 crimson imps
  2 centaur skeletons
  2 jellies
  Crazy Yiuf (D:5)
  5 iguanas
  8 orc priests
  9 hounds
  5 orc wizards
  Jessica (D:2)
  11 worker ants
  A hound zombie (D:8)
  2 hound skeletons
  A worker ant zombie (D:6)
  A howler monkey skeleton (D:4)
  Robin (D:2)
  18 gnolls
  13 adders
  3 shadow imps
  3 oozes
  An adder skeleton (D:7)
  An adder zombie (D:5)
  2 worms
  2 dart slugs
  8 leopard geckos
  38 orcs
  A ball python (D:3)
  3 giant cockroaches
  16 goblins
  10 hobgoblins
  16 jackals
  16 kobolds
  9 quokkas
  A ball python skeleton (D:4)
  8 bats
  3 frilled lizards
  A jackal skeleton (D:6)
  A quokka skeleton (D:9)
  6 rats
  A plant (Lair:4)
476 creatures vanquished.

Vanquished Creatures (collateral kills)
  A troll (D:10)
  4 ice beasts (IceCv)
  A gnoll sergeant (D:10)
  2 orcs (D:10)
8 creatures vanquished.

Vanquished Creatures (others)
  A human (Lair:5)
  A gnoll (D:3)
  A goblin (D:3)
  6 fungi
  6 plants
15 creatures vanquished.

Grand Total: 499 creatures vanquished

Notes
Turn   | Place    | Note
-------+----------+-------------------------------------------
     0 | D:1      | nikopol the Minotaur Berserker began the quest for the Orb.
     0 | D:1      | Reached XP level 1. HP: 19/19 MP: 0/0
   179 | D:1      | Reached XP level 2. HP: 27/27 MP: 1/1
   627 | D:2      | Reached skill level 4 in Polearms
   627 | D:2      | Reached XP level 3. HP: 19/33 MP: 2/2
   786 | D:2      | Noticed Jessica
   796 | D:2      | Killed Jessica
  1057 | D:2      | Reached XP level 4. HP: 36/40 MP: 3/3
  1256 | D:2      | Reached ** piety under Trog
  1263 | D:2      | Noticed Robin
  1278 | D:2      | Killed Robin
  1973 | D:3      | Reached XP level 5. HP: 47/47 MP: 4/4
  2060 | D:3      | Noticed Sigmund
  2068 | D:3      | Killed Sigmund
  2068 | D:3      | Reached skill level 5 in Fighting
  2068 | D:3      | Reached skill level 5 in Polearms
  2068 | D:3      | Reached XP level 6. HP: 52/56 MP: 5/5
  2292 | D:3      | Reached *** piety under Trog
  2478 | D:4      | Found a basalt altar of Yredelemnul.
  2478 | D:4      | Found a snail-covered altar of Cheibriados.
  2766 | D:4      | Reached skill level 5 in Armour
  3362 | D:4      | Noticed Eustachio
  3404 | D:4      | Killed Eustachio
  3404 | D:4      | Reached XP level 7. HP: 10/62 MP: 6/6
  3737 | D:4      | Found a radiant altar of Vehumet.
  3781 | D:4      | Found a stormy altar of Qazlal.
  3810 | D:4      | Reached skill level 6 in Polearms
  3822 | D:4      | Noticed Menkaure
  3828 | D:4      | Killed Menkaure
  4010 | D:4      | Reached skill level 5 in Dodging
  4159 | D:5      | Entered Level 5 of the Dungeon
  4241 | D:5      | Reached XP level 8. HP: 69/69 MP: 7/7
  4378 | D:5      | Noticed Blork the orc
  4386 | D:5      | Killed Blork the orc
  4525 | D:5      | Found Dofy's Book Emporium.
  4616 | D:5      | Reached skill level 7 in Polearms
  4766 | D:5      | Reached **** piety under Trog
  4978 | D:5      | Noticed Edmund
  5001 | D:5      | Killed Edmund
  5228 | D:5      | Found a runed door.
  5232 | D:5      | Noticed Crazy Yiuf
  5245 | D:5      | Killed Crazy Yiuf
  6497 | D:6      | Found an iron altar of Okawaru.
  6587 | D:7      | Found a staircase to the Ecumenical Temple.
  6624 | D:7      | Found a shadowy altar of Dithmenos.
  6724 | D:7      | Reached skill level 8 in Polearms
  6773 | D:7      | Noticed a hippogriff
  6786 | D:7      | Killed a hippogriff
  6786 | D:7      | Reached XP level 9. HP: 50/79 MP: 8/8
  7053 | D:7      | Found a hide-covered altar of Uskayaw.
  7106 | D:7      | Found a hazy altar of Hepliaklqana.
  7761 | D:8      | Found an ancient bone altar of Kikubaaqudgha.
  7793 | D:8      | Reached skill level 9 in Polearms
  7853 | D:8      | Reached skill level 1 in Bows
  8184 | D:8      | Found an ornate altar of the Wu Jian Council.
  8187 | D:8      | Found a stormy altar of Qazlal.
  8721 | D:8      | Reached XP level 10. HP: 48/89 MP: 9/9
  9067 | D:9      | Found Fycselis's Assorted Antiques.
  9074 | D:9      | Reached ***** piety under Trog
  9093 | D:9      | Found Judoekihe's Book Shoppe.
  9093 | D:9      | Found a blossoming altar of Fedhas.
  9196 | D:9      | Noticed Grum
  9205 | D:9      | Killed Grum
  9207 | D:9      | Reached skill level 10 in Polearms
  9306 | D:9      | Noticed a seven-headed hydra
  9313 | D:9      | Killed a seven-headed hydra
  9504 | D:9      | Noticed a two-headed ogre
  9518 | D:9      | Killed a two-headed ogre
  9518 | D:9      | Reached skill level 5 in Bows
  9725 | D:9      | Found Ulaadwak's Assorted Antiques.
  9846 | D:9      | Noticed a two-headed ogre
  9855 | D:9      | Killed a two-headed ogre
  9996 | D:9      | Found a staircase to the Lair.
 10041 | D:9      | Reached skill level 11 in Polearms
 10044 | D:9      | Received a gift from Trog
 10045 | D:9      | Found a white marble altar of Elyvilon.
 10104 | D:9      | Reached XP level 11. HP: 83/97 MP: 10/10
 10129 | D:9      | Reached skill level 10 in Fighting
 10582 | D:10     | Entered Level 10 of the Dungeon
 10582 | D:10     | Noticed Maurice
 10582 | D:10     | Noticed Erolcha
 10616 | D:9      | Killed Maurice
 10638 | D:10     | Killed Erolcha
 10816 | D:10     | You fall through a shaft for 3 floors!
 10869 | D:13     | Received a gift from Trog
 11070 | D:11     | Noticed a two-headed ogre
 11083 | D:11     | Killed a two-headed ogre
 11377 | D:11     | Found a white marble altar of Elyvilon.
 11382 | D:11     | Reached skill level 10 in Armour
 11389 | D:11     | Noticed a deep elf mage
 11411 | D:11     | Killed a deep elf mage
 11411 | D:11     | Reached skill level 12 in Polearms
 11655 | D:11     | Noticed a green ugly thing
 11658 | D:11     | Noticed a death knight
 11805 | D:11     | Killed a green ugly thing
 11814 | D:11     | Killed a death knight
 12739 | D:11     | Found a burning altar of Makhleb.
 12770 | D:11     | Noticed a wizard
 12783 | D:11     | Killed a wizard
 12783 | D:11     | Reached XP level 12. HP: 108/108 MP: 11/11
 13220 | D:10     | Found Tarer's Gadget Shoppe.
 13524 | D:10     | Found a staircase to the Orcish Mines.
 13554 | D:10     | Received a gift from Trog
 13592 | D:10     | Reached skill level 13 in Polearms
 13934 | D:10     | Noticed a two-headed ogre
 13942 | D:10     | Killed a two-headed ogre
 14175 | Lair:1   | Entered Level 1 of the Lair of Beasts
 14216 | Lair:1   | Noticed Yehuk's ghost (journeyman DsWn)
 14238 | Lair:1   | Killed Yehuk's ghost
 14238 | Lair:1   | Reached skill level 10 in Dodging
 14382 | Lair:1   | Found a frozen archway.
 14426 | IceCv    | Entered an ice cave
 15395 | IceCv    | Reached skill level 10 in Bows
 15518 | IceCv    | Got a pitted shortbow
 15597 | Lair:1   | Identified the cursed +1 shortbow of Fear {velocity, rC+ MR+} (You found it in an ice cave)
 15815 | Lair:1   | Received a gift from Trog
 15902 | Lair:1   | Noticed a six-headed hydra
 15916 | Lair:1   | Killed a four-headed hydra
 16756 | Lair:2   | Reached skill level 14 in Polearms
 17142 | Lair:3   | Paralysed by a hornet for 3 turns
 17364 | Lair:3   | Reached XP level 13. HP: 93/116 MP: 12/12
 17553 | Lair:3   | Got a transparent spear
 17554 | Lair:3   | Identified the +5 spear of the Lurker {freeze, Dex+2} (You found it on level 3 of the Lair of Beasts)
 18338 | Lair:3   | Found a hole to the Spider Nest.
 18522 | Lair:4   | Noticed pedritolo's ghost (journeyman DsCK)
 18535 | Lair:4   | Killed pedritolo's ghost
 18802 | Lair:4   | Found a staircase to the Swamp.
 19065 | Lair:4   | Received a gift from Trog
 20483 | Lair:5   | Reached skill level 15 in Polearms
 20493 | Lair:5   | Received a gift from Trog
 21261 | Lair:5   | Reached XP level 14. HP: 33/127 MP: 13/13
 21263 | Lair:5   | HP: 7/190 [seven-headed hydra (4)]
 21263 | Lair:5   | Slain by a seven-headed hydra

Vault maps used:
D:1:      evilmike_arrival_plus
D:2:      uniq_jessica, uniq_robin
D:3:      lemuel_old_faithful, uniq_sigmund
D:4:      vehumet_crystals, gammafunk_temple_overflow_elements, minivault_25,
          grunt_qazlal_sundering, uniq_eustachio, uniq_menkaure
D:5:      serial_shops, nicolae_shop_waterfront, first_bread, uniq_edmund,
          uniq_crazy_yiuf_cottage, uniq_blork_the_orc
D:6:      okawaru_altar_gauntlet_db, serial_column_ruins,
          column_ruins_square_large, column_ruins_hut_ruined,
          column_ruins_columns_straight, column_ruins_corridor_water,
          column_ruins_corridor_dead_end
D:7:      nicolae_overflow_crystal_walls, kennysheep_mini, temple_doors_e,
          grunt_dithmenos_smoke, uniq_duvessa
D:8:      nicolae_overflow_hidden_temple, st_stairs_9, grunt_ministairs_11
D:9:      overflow_temple_1_default, lemuel_crystal_altar, lair_entry_dummy,
          serial_shops, nicolae_shop_statue_plus, shop, shop, uniq_grum
D:10:     kennysheep_orc_monster_closet_entryway, serial_shops, shop_fountains,
          uniq_maurice, uniq_erolcha
D:11:     hangedman_cross_cluster, basic_altar
D:12:     uniq_urug
D:13:     david_vaults_5
Lair:1:   portal_ice_cave_demonic_guard, minmay_holes, lemuel_fruit_fields,
          lemuel_fruit_tree
Lair:2:   lemuel_fruit_fields
Lair:3:   dummy_spider_entry
Lair:4:   swamp_mist_pool, minmay_lair_oklob_chamber
Lair:5:   slaughterhouse, serial_bayou_pond_c, minivault_19, st_stairs_13,
          beast_lair_carwin_3
IceCv:    ice_cave_statue_garden_chambered

Skill      XL: |  1  2  3  4  5  6  7  8  9 10 11 12 13 |
---------------+----------------------------------------+-----
Armour         | 3 4 5 6 7 8 9 10 11 12 | 12.2
Polearms       | 4 5 6 8 9 11 12 14 15 | 15.3
Dodging        | 3 4 5 6 7 8 9 10 11 | 11.4
Fighting       | 4 5 6 7 9 10 11 12 | 12.5
Bows           | 3 6 8 10 12 | 12.0

Action                   |  1- 3 |  4- 6 |  7- 9 | 10-12 | 13-15 || total
-------------------------+-------+-------+-------+-------+-------++-------
Melee: Spear             |    73 |   112 |       |       |       ||   185
       Headbutt          |     3 |    21 |    68 |   131 |    65 ||   288
       Trident           |       |    79 |   369 |   422 |       ||   870
       Glaive            |       |       |       |   194 |   242 ||   436
 Fire: Shortbow          |       |       |    15 |   351 |   141 ||   507
Invok: Berserk           |       |     3 |     2 |     9 |     4 ||    18
       Burn Spellbooks   |       |     1 |     1 |       |     2 ||     4
       Brothers in Arms  |       |       |       |     2 |       ||     2
  Use: Scroll            |       |       |       |    21 |       ||    21
       Potion            |       |       |       |     1 |       ||     1
 Stab: Sleeping          |     3 |       |       |       |       ||     3
  Eat: Chunk             |       |    10 |    22 |    29 |    16 ||    77
       Fruit             |       |       |     1 |     3 |       ||     4
       Royal jelly       |       |       |       |     2 |       ||     2
Armor: Ring mail         |    11 |    11 |    70 |   145 |    70 ||   307
       Animal skin       |     3 |       |       |       |       ||     3
       Scale mail        |       |    62 |    31 |       |       ||    93
Dodge: Dodged            |    29 |   152 |   197 |   386 |   198 ||   962
